 Dungeon Sprint DCSS version 0.20-a0-1000-g0e8f6bb (webtiles) character file.

5409 Monsterracer the Severer (level 10, -1/89 HPs)
             Began as a Minotaur Fighter on Apr 12, 2017.
             Was a High Priest of Okawaru.
             Slain by Watroawk the pandemonium lord (9 damage)
             ... in the Dungeon (Sprint V: "Ziggurat Sprint").
             The game lasted 00:08:21 (1151 turns).

Monsterracer the Severer (Minotaur Fighter)         Turns: 1151, Time: 00:08:22

Health: -1/89      AC: 38    Str: 40    XL:     10   Next: 40%
Magic:  14/16      EV: 14    Int:  2    God:    Okawaru [*****.]
Gold:   0          SH:  0    Dex: 12    Spells: 9/9 levels left

rFire    . . .     SeeInvis .   B - +5 executioner's axe
rCold    x . .     Gourm    .   (shield currently unavailable)
rNeg     . . .     Faith    .   C - +15 Maxwell's patent armour {-Cast -Tele rElec MR+ rCorr}
rPois    .         Spirit   .   (helmet restricted)
rElec    +         Reflect  .   (no cloak)
rCorr    +         Harm     .   c - +0 pair of gloves {Dex+3}
MR       +++..     NoTele   +   b - +2 pair of boots {Stlth+} Stlth ..........NoCast +
                                (no amulet)
Regen    0.3/turn               D - +6 ring of strength
MPRegen  0.2/turn               a - ring "Dat Ishu" {rC- MR++ Str+9 Int-3 Stlth-}

@: heroism
A: retaliatory headbutt, horns 2, blurry vision 1, frail 1
a: Heroism, Finesse, Renounce Religion


You were in the Dungeon.
You worshipped Okawaru.
Okawaru was extremely pleased with you.
You were hungry.

You visited 1 branch

Inventory:

Hand Weapons
 B - a +5 executioner's axe (weapon)
Armour
 b - a +2 pair of boots of stealth (worn)
 c - a +0 pair of gloves of dexterity (worn)
 C - the +15 Maxwell's patent armour (worn) {-Cast -Tele rElec MR+ rCorr}
   (You found it in the Dungeon)

   It insulates you from electricity.
   It affects your resistance to hostile enchantments.
   It prevents spellcasting.
   It prevents most forms of teleportation.
   It protects you from acid and corrosion.
Jewellery
 a - the ring "Dat Ishu" (right hand) {rC- MR++ Str+9 Int-3 Stlth-}
   (You found it in the Dungeon)

   [ring of loudness]

   It affects your strength (+9).
   It affects your intelligence (-3).
   It makes you vulnerable to cold.
   It affects your resistance to hostile enchantments.
   It makes you less stealthy.
 o - a +5 ring of evasion
 D - a +6 ring of strength (left hand)
 E - a +6 ring of strength
 F - an uncursed ring of flight
Scrolls
 k - 4 scrolls of blinking
 q - 4 scrolls of amnesia
 r - 3 scrolls of recharging
 s - 8 scrolls of fog
 t - a scroll of holy word
 u - 5 scrolls of identify
 v - 5 scrolls of remove curse
 w - 2 scrolls of fear
Potions
 d - 6 potions of might
 e - 10 potions of curing
 g - 10 potions of heal wounds
 h - 6 potions of haste
 i - 7 potions of magic
 j - 2 potions of berserk rage
 l - 2 potions of brilliance
 m - 2 potions of invisibility
 n - 4 potions of resistance
 p - 6 potions of agility
Comestibles
 f - 5 bread rations
 x - 42 fruits
 z - 4 meat rations


   Skills:
 + Level 12.5(17.5) Fighting
 * Level 19.2(24.2) Axes
 + Level 12.5(17.5) Armour
 + Level 5.1(10.1) Dodging
   Level 3.6(8.6) Shields
 + Level 9.6 Invocations


You had 9 spell levels left.
You didn't know any spells.

Dungeon Overview and Level Annotations

Branches:
Dungeon (1/1)

Altars:
Ashenzari
Cheibriados
Dithmenos
Elyvilon
Fedhas
Gozag
Hepliaklqana
Kikubaaqudgha
Makhleb
Nemelex Xobeh
Okawaru
Qazlal
Ru
Sif Muna
Trog
Uskayaw
Vehumet
Wu Jian
Xom
Yredelemnul
Zin
The Shining One
Beogh
Jiyva
Lugonu


Innate Abilities, Weirdness & Mutations

You reflexively headbutt those who attack you in melee.
You have a pair of horns on your head.
Scrolls take you a little longer to read.
You are frail. (-10% HP)


Message History

Watroawk hits you! Space bends around you.
The white imp shouts, "Decamp, thou quaking doghearted death-token!"
Watroawk hits you but does no damage. Space bends around you.
* * * LOW HITPOINT WARNING * * *
The hellwing hits you but does no damage.
The hellwing closely misses you.
Okay, then.
You gain the combat prowess of a mighty hero.
Watroawk hits you but does no damage. The ufetubus barely misses you.
You furiously retaliate!
You headbutt the ufetubus. The ufetubus closely misses you.
The white imp gestures at you. The puff of frost misses you.
The hellwing closely misses you. You furiously retaliate!
You headbutt the hellwing. The hellwing closely misses you. x2
The hellwing hits you but does no damage.
Watroawk hits you!
* * * LOW HITPOINT WARNING * * *
Space warps horribly around you!
You die...

▓....((...▓..((...▓
▓▓▓▓▓▓▓▓▓▓▓▓▓▓▓▓▓▓▓
▓...8©8...▓..8©8..▓
▓..})=|}..▓..).)..▓
▓...=}|...▓..)=...▓
▓.........▓.......▓
▓...45....▓.......▓
▓..55&4...▓..†....▓
▓....@5...▓....†..▓
▓.▓.4...▓.▓.▓...▓.▓
▓.........▓.......▓
▓▓▓▓▓▓▓▓▓▓▓▓▓▓▓▓▓▓▓


You could see Watroawk, 2 hellwings, a rust devil, a quasit, a white imp, a
shadow imp and an ufetubus.

Vanquished Creatures
  An ugly thing (D)
  5 cyclopes (D)
  A queen bee (shapeshifter) (D)
  A merfolk (D)
  2 polar bears (D)
  5 hippogriffs (D)
  A spriggan (shapeshifter) (D)
  A tarantella (D)
  2 neqoxecs (D)
  4 insubstantial wisps (D)
  A black bear (shapeshifter) (D)
  2 centaurs (D)
  A scorpion (D)
  4 orc priests (D)
  An orc wizard (D)
  2 white imps (D)
  2 orcs (D)
  A leopard gecko simulacrum (D)
37 creatures vanquished.

Vanquished Creatures (others)
  A spatial maelstrom (D)
1 creature vanquished.

Grand Total: 38 creatures vanquished

Notes
Turn   | Place    | Note
-------+----------+-------------------------------------------
     0 | D        | Monsterracer the Minotaur Fighter began the quest for the Orb.
     0 | D        | Reached XP level 1. HP: 19/19 MP: 0/0
     0 | D        | Found a deep blue altar of Sif Muna.
     0 | D        | Found a sacrificial altar of Ru.
     0 | D        | Found a bloodstained altar of Trog.
     0 | D        | Found a stormy altar of Qazlal.
     0 | D        | Found an iron altar of Okawaru.
     0 | D        | Found a sparkling altar of Nemelex Xobeh.
     0 | D        | Found a blossoming altar of Fedhas.
     2 | D        | Found an ancient bone altar of Kikubaaqudgha.
     2 | D        | Found a viscous altar of Jiyva.
     2 | D        | Found a corrupted altar of Lugonu.
     2 | D        | Found a hazy altar of Hepliaklqana.
     2 | D        | Found a burning altar of Makhleb.
     2 | D        | Found an opulent altar of Gozag.
     3 | D        | Banished a spatial maelstrom
    70 | D        | Reached skill level 5 in Fighting
    70 | D        | Reached skill level 6 in Axes
    70 | D        | Reached skill level 5 in Armour
    70 | D        | Reached XP level 2. HP: 30/30 MP: 1/1
   101 | D        | Became a worshipper of Warmaster Okawaru
   111 | D        | Entered arena 1.
   111 | D        | Noticed a scorpion
   111 | D        | Noticed a tarantella
   113 | D        | Killed a scorpion
   113 | D        | Reached skill level 9 in Axes
   113 | D        | Reached XP level 3. HP: 37/37 MP: 2/2
   116 | D        | Killed a tarantella
   116 | D        | Reached skill level 12 in Axes
   116 | D        | Reached XP level 4. HP: 33/44 MP: 3/3
   116 | D        | Reached XP level 5. HP: 37/50 MP: 4/4
   198 | D        | Entered arena 2.
   203 | D        | Reached skill level 13 in Axes
   203 | D        | Reached skill level 1 in Invocations
   343 | D        | Entered arena 3.
   343 | D        | Noticed an insubstantial wisp
   343 | D        | Noticed an insubstantial wisp
   343 | D        | Noticed an insubstantial wisp
   343 | D        | Noticed an insubstantial wisp
   347 | D        | Killed an insubstantial wisp
   347 | D        | Reached * piety under Okawaru
   347 | D        | Reached XP level 6. HP: 53/58 MP: 4/7
   347 | D        | Killed an insubstantial wisp
   347 | D        | Reached skill level 14 in Axes
   350 | D        | Killed an insubstantial wisp
   350 | D        | Reached XP level 7. HP: 59/67 MP: 4/9
   356 | D        | Reached ** piety under Okawaru
   393 | D        | Entered arena 4.
   397 | D        | Reached skill level 15 in Axes
   398 | D        | Reached skill level 5 in Invocations
   409 | D        | Got the ring "Dat Ishu" {rC- MR++ Str+9 Int-3 Stlth-}
   416 | D        | Got the +8 chain mail of the Onion {Slay+3}
   439 | D        | Entered arena 5.
   439 | D        | Noticed a polar bear
   439 | D        | Noticed a polar bear
   443 | D        | Killed a polar bear
   444 | D        | Reached XP level 8. HP: 66/78 MP: 9/11
   445 | D        | Killed a polar bear
   541 | D        | Entered arena 6.
   541 | D        | Noticed a merfolk
   541 | D        | Noticed a cyclops
   541 | D        | Noticed a cyclops
   541 | D        | Noticed a cyclops
   541 | D        | Noticed a hippogriff
   547 | D        | Killed a hippogriff
   547 | D        | Reached skill level 16 in Axes
   548 | D        | Killed a cyclops
   548 | D        | Reached *** piety under Okawaru
   548 | D        | Reached skill level 10 in Fighting
   548 | D        | Reached skill level 10 in Armour
   556 | D        | Killed a merfolk
   556 | D        | Reached skill level 17 in Axes
   556 | D        | Reached XP level 9. HP: 35/86 MP: 10/13
   556 | D        | Killed a cyclops
   557 | D        | Killed a cyclops
   557 | D        | Reached **** piety under Okawaru
   814 | D        | Entered arena 7.
   814 | D        | Noticed a cyan ugly thing
   814 | D        | Noticed a queen bee
   814 | D        | Gained mutation: You are frail. (-10% HP) [a neqoxec]
   821 | D        | Reached skill level 18 in Axes
   821 | D        | Reached skill level 1 in Dodging
   822 | D        | Killed a queen bee
   822 | D        | Killed a cyan ugly thing
   823 | D        | Gained mutation: Scrolls take you a little longer to read. [a neqoxec]
   824 | D        | Reached ***** piety under Okawaru
   826 | D        | Reached XP level 10. HP: 67/87 MP: 15/15
   847 | D        | Entered arena 8.
   847 | D        | Noticed a cyclops
   847 | D        | Noticed a cyclops
   861 | D        | Killed a cyclops
   861 | D        | Reached skill level 19 in Axes
   863 | D        | Killed a cyclops
   863 | D        | Reached skill level 5 in Dodging
  1147 | D        | Entered arena 9.
  1147 | D        | Noticed a rust devil
  1147 | D        | Noticed Watroawk the pandemonium lord
  1151 | D        | Slain by Watroawk the pandemonium lord

Vault maps used:
D:        sprint_v

Skill      XL: |  1  2  3  4  5  6  7  8  9 10 |
---------------+-------------------------------+-----
Fighting       | 5 6 7 9 10 11 12 | 12.5
Axes           | 6 9 12 13 14 15 17 18 19 | 19.2
Armour         | 5 6 7 9 10 11 12 | 12.5
Invocations    | 2 4 5 7 9 |  9.6
Dodging        | 3 5 |  5.1
Shields        | |  3.6

Action                   |  1- 3 |  4- 6 |  7- 9 | 10-12 || total
-------------------------+-------+-------+-------+-------++-------
Melee: Battleaxe         |     4 |     9 |    32 |    12 ||    57
       Headbutt          |     2 |       |     6 |     7 ||    15
       Executioner's axe |       |       |       |     1 ||     1
Invok: Heroism           |       |       |     1 |     2 ||     3
       Finesse           |       |       |       |     1 ||     1
  Use: Potion            |     1 |       |     1 |       ||     2
Armor: Plate armour      |     4 |     4 |    28 |    10 ||    46
Dodge: Dodged            |     1 |     4 |    25 |    11 ||    41
